TOP OF THE 1ST |
Georgetown Hoyas batting - Pitching for Michigan Wolverines : RHP Alan Olson
|
Pitching: RHP Alan Olson
|
|
Batting: LHB Pedro Escobar
|
0-0: Ball 1-0: Ground out 4-3 (Groundball, 4)
|
Now at 2B: Bill Smith
|
|
Batting: LHB Preston Leach
|
0-0: Ball 1-0: Ball 2-0: Foul Ball, location: 2F 2-1: Ball 3-1: Foul Ball, location: 2F 3-2: Base on Balls
|
Batting: RHB Hubert MacDonald
|
0-0: Ball 1-0: Ball 2-0: 2-RUN HOME RUN (Flyball, 7LD), Distance : 325 ft
|
Batting: RHB Glenn Rojas
|
0-0: Swinging Strike 0-1: Called Strike 0-2: SINGLE (Flyball, 6MD)
|
Batting: LHB Chris Smith
|
0-0: Ball 1-0: Fly out, F7 (Line Drive, 7S)
|
Batting: SHB Chris Young
|
0-0: Ball 1-0: Ball 2-0: Fly out, F6 (Popup, 6MD)
|
Top of the 1st over - 2 run(s), 2 hit(s), 0 error(s), 1 left on base; Georgetown 2 - Michigan 0 |
BOTTOM OF THE 1ST |
Michigan Wolverines batting - Pitching for Georgetown Hoyas : RHP Ed Wilkerson
|
Pitching: RHP Ed Wilkerson
|
|
Batting: RHB Mark Brewer
|
0-0: Called Strike 0-1: Ground out 6-3 (Groundball, 6S)
|
Batting: RHB Bryan Koonts
|
0-0: Ball 1-0: Ball 2-0: Called Strike 2-1: Fly out, F5 (Line Drive, 5)
|
Batting: RHB Jake Brown
|
0-0: Ball 1-0: Called Strike 1-1: Fly out, F8 (Flyball, 8LD)
|
Bottom of the 1st over - 0 run(s), 0 hit(s), 0 error(s), 0 left on base; Georgetown 2 - Michigan 0 |
TOP OF THE 2ND |
Georgetown Hoyas batting - Pitching for Michigan Wolverines : RHP Alan Olson
|
Batting: LHB Matt McCormick
|
0-0: Ball 1-0: Foul Ball, location: 2F 1-1: Called Strike 1-2: Foul Ball, location: 2F 1-2: Ball 2-2: Ball 3-2: Foul Ball, location: 2F 3-2: Foul Ball, location: 2F 3-2: Foul Ball, location: 2F 3-2: Foul Ball, location: 2F 3-2: Strikes out swinging
|
Batting: LHB Robert Lucas
|
0-0: Ball 1-0: Ball 2-0: Called Strike 2-1: Ball 3-1: Ground out 1-3 (Groundball, 13S)
|
Batting: RHB Alex Vasser
|
0-0: Called Strike 0-1: Ball 1-1: Called Strike 1-2: Ball 2-2: Foul Ball, location: 2F 2-2: Ball 3-2: Base on Balls
|
Batting: LHB Pedro Escobar
|
0-0: Called Strike 0-1: Swinging Strike 0-2: Fly out, F8 (Flyball, 89M)
|
Top of the 2nd over - 0 run(s), 0 hit(s), 0 error(s), 1 left on base; Georgetown 2 - Michigan 0 |
BOTTOM OF THE 2ND |
Michigan Wolverines batting - Pitching for Georgetown Hoyas : RHP Ed Wilkerson
|
Batting: RHB Bill Davis
|
0-0: Called Strike 0-1: Foul Ball, location: 2F 0-2: Ball 1-2: Ball 2-2: Strikes out swinging
|
Batting: RHB Bill Andrews
|
0-0: Called Strike 0-1: Swinging Strike 0-2: Strikes out looking
|
Batting: RHB Walt Green
|
0-0: Ball 1-0: Called Strike 1-1: Foul Ball, location: 2F 1-2: Strikes out looking
|
Bottom of the 2nd over - 0 run(s), 0 hit(s), 0 error(s), 0 left on base; Georgetown 2 - Michigan 0 |
TOP OF THE 3RD |
Georgetown Hoyas batting - Pitching for Michigan Wolverines : RHP Alan Olson
|
Batting: LHB Preston Leach
|
0-0: Called Strike 0-1: SINGLE (Groundball, 4MD)
|
Batting: RHB Hubert MacDonald
|
0-0: Foul Ball, location: 2F 0-1: Ball 1-1: Foul Ball, location: 2F 1-2: Foul Ball, location: 2F 1-2: Foul Ball, location: 2F 1-2: Fly out, F7 (Line Drive, 7)
|
Batting: RHB Glenn Rojas
|
0-0: Ball 1-0: Fly out, F8 (Flyball, 8RD)
|
Batting: LHB Chris Smith
|
0-0: Called Strike 0-1: Ball 1-1: Called Strike 1-2: Fielders Choice at 2nd, 5-4 (Groundball, 5)
|
Top of the 3rd over - 0 run(s), 1 hit(s), 0 error(s), 0 left on base; Georgetown 2 - Michigan 0 |
BOTTOM OF THE 3RD |
Michigan Wolverines batting - Pitching for Georgetown Hoyas : RHP Ed Wilkerson
|
Batting: SHB Bill Smith
|
0-0: Foul Ball, location: 2F 0-1: Foul Ball, location: 2F 0-2: Ball 1-2: Strikes out looking
|
Batting: RHB Andrew Lewis
|
0-0: Called Strike 0-1: Swinging Strike 0-2: Foul Ball, location: 2F 0-2: Strikes out swinging
|
Batting: RHB Rob Burkholder
|
0-0: Called Strike 0-1: Foul Ball, location: 2F 0-2: Ball 1-2: Ball 2-2: Ball 3-2: Fly out, F4 (Line Drive, 4MS)
|
Bottom of the 3rd over - 0 run(s), 0 hit(s), 0 error(s), 0 left on base; Georgetown 2 - Michigan 0 |
TOP OF THE 4TH |
Georgetown Hoyas batting - Pitching for Michigan Wolverines : RHP Alan Olson
|
Batting: SHB Chris Young
|
0-0: Ball 1-0: Called Strike 1-1: Foul Ball, location: 2F 1-2: Ball 2-2: Ball 3-2: SOLO HOME RUN (Flyball, 8LXD), Distance : 402 ft
|
Batting: LHB Matt McCormick
|
0-0: Ball 1-0: Called Strike 1-1: Ball 2-1: Foul Ball, location: 2F 2-2: Foul Ball, location: 2F 2-2: Foul Ball, location: 2F 2-2: Ground out 4-3 (Groundball, 4M)
|
Batting: LHB Robert Lucas
|
0-0: Fly out, F1 (Popup, 13)
|
Batting: RHB Alex Vasser
|
0-0: Ball 1-0: Called Strike 1-1: Swinging Strike 1-2: Ball 2-2: Ball 3-2: Base on Balls
|
Pitching: RHP Chase Stanley
|
|
Batting: LHB Pedro Escobar
|
0-0: Ball Alex Vasser is caught stealing 2nd base
|
Top of the 4th over - 1 run(s), 1 hit(s), 0 error(s), 0 left on base; Georgetown 3 - Michigan 0 |
BOTTOM OF THE 4TH |
Michigan Wolverines batting - Pitching for Georgetown Hoyas : RHP Ed Wilkerson
|
Batting: RHB Mark Brewer
|
0-0: Ground out 6-3 (Groundball, 6)
|
Batting: RHB Bryan Koonts
|
0-0: Ball 1-0: Swinging Strike 1-1: Ball 2-1: Swinging Strike 2-2: Strikes out swinging
|
Batting: RHB Jake Brown
|
0-0: Called Strike 0-1: Foul Ball, location: 2F 0-2: Ground out 4-3 (Groundball, 4S)
|
Bottom of the 4th over - 0 run(s), 0 hit(s), 0 error(s), 0 left on base; Georgetown 3 - Michigan 0 |
TOP OF THE 5TH |
Georgetown Hoyas batting - Pitching for Michigan Wolverines : RHP Chase Stanley
|
Batting: LHB Pedro Escobar
|
0-0: Called Strike 0-1: SINGLE (Groundball, 34D)
|
Batting: LHB Preston Leach
|
0-0: Ball 1-0: Foul Ball, location: 2F 1-1: Foul Ball, location: 2F 1-2: Ball 2-2: SINGLE (Line Drive, 6MD) Pedro Escobar to second
|
Batting: RHB Hubert MacDonald
|
0-0: Ball 1-0: Fly out, F8 (Line Drive, 8LM)
|
Batting: RHB Glenn Rojas
|
0-0: Ball 1-0: Ball 2-0: Called Strike 2-1: Called Strike 2-2: Strikes out swinging
|
Batting: LHB Chris Smith
|
0-0: Ball 1-0: Ball 2-0: SINGLE (Groundball, 5D) Pedro Escobar to third Preston Leach to second Runner from 3rd tries for Home, SAFE, no throw
|
Batting: SHB Chris Young
|
0-0: Called Strike 0-1: Fielders Choice at 2nd, U4 (Groundball, 4M)
|
Top of the 5th over - 1 run(s), 3 hit(s), 0 error(s), 2 left on base; Georgetown 4 - Michigan 0 |
BOTTOM OF THE 5TH |
Michigan Wolverines batting - Pitching for Georgetown Hoyas : RHP Ed Wilkerson
|
Batting: RHB Bill Davis
|
0-0: Ball 1-0: Foul Ball, location: 2F 1-1: Swinging Strike 1-2: Ball 2-2: Ball 3-2: Base on Balls
|
Batting: RHB Bill Andrews
|
0-0: Swinging Strike 0-1: Foul Ball, location: 2F 0-2: 2-RUN HOME RUN (Flyball, 9D), Distance : 367 ft
|
Batting: RHB Walt Green
|
0-0: Ball 1-0: Ball 2-0: Called Strike 2-1: Called Strike 2-2: Foul Ball, location: 2F 2-2: Ball 3-2: Foul Ball, location: 2F 3-2: Base on Balls
|
Batting: SHB Bill Smith
|
0-0: Foul Ball, location: 2F 0-1: Fly out, F8 (Flyball, 8LM)
|
Batting: RHB Andrew Lewis
|
0-0: Called Strike Walt Green steals 2nd base 0-1: Ball 1-1: Foul Ball, location: 2F 1-2: Ball 2-2: Ball 3-2: Foul Ball, location: 2F 3-2: Foul Ball, location: 2F 3-2: Base on Balls
|
Batting: RHB Rob Burkholder
|
0-0: Ball 1-0: Foul Ball, location: 2F 1-1: Swinging Strike 1-2: Foul Ball, location: 2F 1-2: Ball 2-2: Strikes out swinging
|
Batting: RHB Mark Brewer
|
0-0: Called Strike 0-1: Ball 1-1: Ball 2-1: Hit by Pitch Walt Green to third Andrew Lewis to second
|
Pitching: RHP Joe Adams
|
|
Batting: RHB Bryan Koonts
|
0-0: Swinging Strike 0-1: Ball 1-1: Ball 2-1: Ball 3-1: Base on Balls Walt Green scores Andrew Lewis to third Mark Brewer to second
|
Batting: RHB Jake Brown
|
0-0: Called Strike 0-1: Ball 1-1: Ball 2-1: Ball 3-1: Fly out, F7 (Line Drive, 7D)
|
Bottom of the 5th over - 3 run(s), 1 hit(s), 0 error(s), 3 left on base; Georgetown 4 - Michigan 3 |
TOP OF THE 6TH |
Georgetown Hoyas batting - Pitching for Michigan Wolverines : RHP Chase Stanley
|
Batting: LHB Matt McCormick
|
0-0: Ball 1-0: Foul Ball, location: 2F 1-1: Ball 2-1: Swinging Strike 2-2: Foul Ball, location: 2F 2-2: Foul Ball, location: 2F 2-2: Strikes out swinging
|
Batting: LHB Robert Lucas
|
0-0: Ball 1-0: Called Strike 1-1: Swinging Strike 1-2: Strikes out swinging
|
Batting: RHB Alex Vasser
|
0-0: Ball 1-0: Ball 2-0: Ball 3-0: Base on Balls
|
Batting: LHB Pedro Escobar
|
0-0: Fly out, F8 (Flyball, 8LM)
|
Top of the 6th over - 0 run(s), 0 hit(s), 0 error(s), 1 left on base; Georgetown 4 - Michigan 3 |
BOTTOM OF THE 6TH |
Michigan Wolverines batting - Pitching for Georgetown Hoyas : RHP Joe Adams
|
Batting: RHB Bill Davis
|
0-0: Ball 1-0: SINGLE (Flyball, 8RS)
|
Batting: RHB Bill Andrews
|
0-0: Swinging Strike 0-1: Called Strike 0-2: Ball 1-2: Strikes out swinging
|
Batting: RHB Walt Green
|
0-0: Called Strike 0-1: Ball 1-1: Ball 2-1: Fly out, F8 (Flyball, 8LM)
|
Batting: SHB Bill Smith
|
0-0: SINGLE (Line Drive, 9LS) Bill Davis to second Runner from 2nd tries for 3rd, OUT!
|
Bottom of the 6th over - 0 run(s), 2 hit(s), 0 error(s), 1 left on base; Georgetown 4 - Michigan 3 |
TOP OF THE 7TH |
Georgetown Hoyas batting - Pitching for Michigan Wolverines : RHP Chase Stanley
|
Batting: LHB Preston Leach
|
0-0: Ground out 4-3 (Groundball, 4)
|
Batting: RHB Hubert MacDonald
|
0-0: Ball 1-0: Ball 2-0: Swinging Strike 2-1: Ground out 6-3 (Groundball, 6)
|
Batting: RHB Glenn Rojas
|
0-0: Ball 1-0: Ball 2-0: Fly out, F5 (Popup, 5S)
|
Top of the 7th over - 0 run(s), 0 hit(s), 0 error(s), 0 left on base; Georgetown 4 - Michigan 3 |
BOTTOM OF THE 7TH |
Michigan Wolverines batting - Pitching for Georgetown Hoyas : RHP Joe Adams
|
Batting: RHB Andrew Lewis
|
0-0: Called Strike 0-1: Ball 1-1: Foul Ball, location: 2F 1-2: Ball 2-2: Ball 3-2: Foul Ball, location: 2F 3-2: SINGLE (Groundball, 5D)
|
Batting: RHB Rob Burkholder
|
0-0: Ball 1-0: Called Strike 1-1: Called Strike 1-2: Hit by Pitch Andrew Lewis to second
|
Batting: RHB Mark Brewer
|
0-0: Swinging Strike 0-1: Foul Ball, location: 2F 0-2: Foul Ball, location: 2F 0-2: Strikes out swinging
|
Batting: RHB Bryan Koonts
|
0-0: Reached on error, E5 (Groundball, 56) Andrew Lewis to third Rob Burkholder to second
|
Batting: RHB Jake Brown
|
0-0: Foul Ball, location: 2F 0-1: Grounds into fielders choice 6-2 (Groundball, 56) Rob Burkholder to third Bryan Koonts to second
|
Batting: RHB Bill Davis
|
0-0: Swinging Strike 0-1: Foul Ball, location: 2F 0-2: Ball 1-2: Foul Ball, location: 2F 1-2: Foul Ball, location: 2F 1-2: Foul Ball, location: 2F 1-2: GRAND SLAM HOME RUN (Flyball, 89XD), Distance : 379 ft
|
Pitching: RHP Alejandro Palácios
|
|
Batting: RHB Bill Andrews
|
0-0: Ball 1-0: Ball 2-0: Ball 3-0: Base on Balls
|
Batting: RHB Walt Green
|
0-0: Ball 1-0: SINGLE (Line Drive, 8RS) Bill Andrews to second
|
Batting: SHB Bill Smith
|
0-0: Foul Ball, location: 2F 0-1: Foul Ball, location: 2F 0-2: Ball 1-2: Ball 2-2: Foul Ball, location: 2F 2-2: Foul Ball, location: 2F 2-2: Ground out 5-3 (Groundball, 56S)
|
Bottom of the 7th over - 4 run(s), 3 hit(s), 1 error(s), 2 left on base; Georgetown 4 - Michigan 7 |
TOP OF THE 8TH |
Georgetown Hoyas batting - Pitching for Michigan Wolverines : RHP Chase Stanley
|
Batting: LHB Chris Smith
|
0-0: Foul Ball, location: 2F 0-1: Called Strike 0-2: Ball 1-2: Ball 2-2: Strikes out swinging
|
Batting: SHB Chris Young
|
0-0: Ball 1-0: Fly out, F3 (Line Drive, 34)
|
Batting: LHB Matt McCormick
|
0-0: Ball 1-0: Ball 2-0: Foul Ball, location: 2F 2-1: Ball 3-1: Called Strike 3-2: Base on Balls
|
Pitching: RHP Jorge Báez
|
|
Batting: LHB Robert Lucas
|
0-0: Ball 1-0: Called Strike 1-1: Called Strike 1-2: Strikes out swinging
|
Top of the 8th over - 0 run(s), 0 hit(s), 0 error(s), 1 left on base; Georgetown 4 - Michigan 7 |
BOTTOM OF THE 8TH |
Michigan Wolverines batting - Pitching for Georgetown Hoyas : RHP Alejandro Palácios
|
Batting: RHB Andrew Lewis
|
0-0: Called Strike 0-1: Ball 1-1: Ball 2-1: Ground out 5-3 (Groundball, 5S)
|
Batting: RHB Rob Burkholder
|
0-0: Called Strike 0-1: Swinging Strike 0-2: Ball 1-2: Ball 2-2: Strikes out swinging
|
Batting: RHB Mark Brewer
|
0-0: Ball 1-0: Ball 2-0: Swinging Strike 2-1: Foul Ball, location: 2F 2-2: Ground out 5-3 (Groundball, 56)
|
Bottom of the 8th over - 0 run(s), 0 hit(s), 0 error(s), 0 left on base; Georgetown 4 - Michigan 7 |
TOP OF THE 9TH |
Georgetown Hoyas batting - Pitching for Michigan Wolverines : RHP Jorge Báez
|
Pitching: RHP Clay White
|
|
Batting: RHB Alex Vasser
|
0-0: Ball 1-0: Ball 2-0: Fly out, F9 (Flyball, 9S)
|
Batting: LHB Pedro Escobar
|
0-0: Ball 1-0: Ball 2-0: Fly out, F1 (Popup, 15)
|
Batting: LHB Preston Leach
|
0-0: Ball 1-0: Ball 2-0: Swinging Strike 2-1: Ground out 4-3 (Groundball, 4)
|
Top of the 9th over - 0 run(s), 0 hit(s), 0 error(s), 0 left on base; Georgetown 4 - Michigan 7 |
|